 Dungeon Crawl Stone Soup version 0.29.0-4-gdea44cf6ec (webtiles) character file.

Game seed: 6274585197367027185

9 qw the Sneak (level 2, -2/19 HPs)
             Began as a Gargoyle Delver on Sept 10, 2022.
             Slain by a kobold brigand
             ... wielding a +0 short sword
              (4 damage)
             ... on level 4 of the Dungeon.
             The game lasted 00:00:04 (160 turns).

qw the Sneak (Gargoyle Delver)                       Turns: 160, Time: 00:00:04

Health: -2/19      AC:  5    Str: 15    XL:     2   Next: 16%
Magic:  2/2        EV: 11    Int: 10    God:
Gold:   0          SH:  0    Dex: 11    Spells: 1/1 levels left

rFire   . . .      SeeInvis .   a - +0 hand axe
rCold   . . .      Faith    .   (no shield)
rNeg    + . .      Spirit   .   b - +0 leather armour
rPois   inf        Reflect  .   (no helmet)
rElec   +          Harm     .   (no cloak)
rCorr   .          Rampage  .   (no gloves)
Will    .....                   (no boots)
Stlth   +++.......              (no amulet)
HPRegen 0.06/turn               (no ring)
MPRegen 0.08/turn               (no ring)

@: no status effects
A: sickness immunity, AC +2, negative energy resistance 1, electricity
resistance, torment resistance 1, petrification resistance
a: no special abilities


You were on level 4 of the Dungeon.
You visited 1 branch of the dungeon, and saw 2 of its levels.


Innate Abilities, Weirdness & Mutations

You are immune to sickness and miasma.
Your stone body is resilient. (AC +2)
You are immune to poison.
You resist negative energy. (rN+)
You are resistant to electric shocks. (rElec)
You are resistant to unholy torment.
You are immune to petrification.


   Skills:
 - Level 3.2 Fighting
 + Level 2.5 Axes
 - Level 1.5 Dodging
 - Level 5.4 Stealth


You had one spell level left.
You didn't know any spells.
Your spell library was empty.

Inventory:

Hand Weapons
 a - a +0 hand axe (weapon)
Armour
 b - a +0 leather armour (worn)
Wands
 g - a wand of digging (3)
Potions
 f - a potion of haste

Dungeon Overview and Level Annotations

Branches:
Dungeon (5/15)
 Temple: D:4-7

Altars:

Annotations:
D:5 3 runed translucent doors, qw's ghost, weakling GrDe


Message History

(2) D:5 Assign waypoint to what number? (0-9, D - delete waypoint) Waypoint 1 assigned to D:4.
Enter note:
(D) Dungeon
Where to? (* - list waypoints, Enter - D:4, ? - help)
What level of the Dungeon? (default 1, ? - help)
A kobold brigand and a gnoll come into view.
The kobold brigand is wielding a +0 short sword and quivering poisoned darts.
The gnoll shouts!
You hear a shout!
The gnoll moves out of view.
A gnoll comes into view. It is wielding a +0 club.
The kobold brigand shouts!
You hear a shout!
A hobgoblin comes into view.
154 ||| Stepping ~*~*~tactically~*~*~ (hiding).
A jelly and a kobold brigand come into view.
The kobold brigand is wielding a +0 club and quivering curare-tipped darts.
Found a manual of Stealth.
A gnoll comes into view. It is wielding a +0 club.
The kobold brigand throws a poisoned dart.
The poisoned dart hits you!
The kobold brigand moves out of view.
155 ||| Stepping ~*~*~tactically~*~*~ (hiding).
Found 12 gold pieces.
156 ||| Stepping ~*~*~tactically~*~*~ (hiding).
There is a stone staircase leading up here.
A gnoll comes into view. It is wielding a +0 spear.
The gnoll hits you with a +0 club.
You barely miss the gnoll.
The gnoll hits you from afar with a +0 spear.
The gnoll hits you with a +0 club!
You barely miss the gnoll. You closely miss the gnoll.
The gnoll hits you with a +0 club. The gnoll closely misses you.
The gnoll barely misses you.
The kobold brigand shouts!
You hit the kobold brigand.
The kobold brigand is lightly wounded.
You barely miss the gnoll. You hit the gnoll.
The gnoll hits you with a +0 club. The gnoll closely misses you. x2
The kobold brigand hits you with a +0 short sword.
You die...

........K. #.
...........###:#
....g.....#.#.# .
.......$..#..# g#
........#.#.. ..
.....$g.#..###.##
......#...g......
#.....g@K...#
##....g#....##
##.####...>.# #.
#......# #......#
#........
...........
............
.##..........


You could see 2 kobold brigands, 4 gnolls and a hobgoblin.

Vanquished Creatures
  An adder (D:5)
1 creature vanquished.

Notes
Turn   | Place    | Note
-------+----------+-------------------------------------------
     0 | D:5      | qw the Gargoyle Delver began the quest for the Orb.
     0 | D:5      | Reached XP level 1. HP: 14/14 MP: 1/1
     0 | D:5      | 0 ||| qw: Version: 0.1-a-116-g5d60599
     0 | D:5      | 0 ||| qw: Game counter: 8311
     0 | D:5      | 0 ||| qw: Always use a shield: true
     0 | D:5      | 0 ||| qw: God list: Okawaru
     0 | D:5      | 0 ||| qw: Allow faded altars: false
     0 | D:5      | 0 ||| qw: Do Orc after D:15 true
     0 | D:5      | 0 ||| qw: Do second Lair branch before Depths: true
     0 | D:5      | 0 ||| qw: Lair rune preference: random
     0 | D:5      | 0 ||| qw: Plans: Normal
     0 | D:5      | 0 ||| PLANNING D:1-11
     2 | D:5      | Noticed qw's ghost (weakling GrDe)
    31 | D:5      | Reached XP level 2. HP: 12/19 MP: 2/2
   141 | D:5      | 141 ||| DROPPING scroll of fog.
   142 | D:5      | 142 ||| DROPPING scroll of magic mapping.
   143 | D:5      | 143 ||| DROPPING scroll of fear.
   152 | D:4      | Noticed a kobold brigand
   154 | D:4      | 154 ||| Stepping ~*~*~tactically~*~*~ (hiding).
   154 | D:4      | Noticed a kobold brigand
   155 | D:4      | 155 ||| Stepping ~*~*~tactically~*~*~ (hiding).
   156 | D:4      | 156 ||| Stepping ~*~*~tactically~*~*~ (hiding).
   160 | D:4      | HP: 2/19 [gnoll/+0 club (3)]
   160 | D:4      | Slain by a kobold brigand

Levels and vault maps discovered:
D:4:      layout_cave_pools, xom_confusion_cloud, kennysheep_mini_moat,
          minmay_manual_mail
D:5:      layout_basic, old_standard_altar, minmay_temple_entry_grid,
          ebering_ghost_rock_garden

Skill      XL: |  1 |
---------------+----+-----
Axes           | 2 |  2.5
Fighting       | |  3.2
Dodging        | |  1.5
Stealth        | |  5.4

Action                   || total
-------------------------++-------
Melee: Hand axe          ||    11
Armor: Leather armour    ||     4
Dodge: Dodged            ||    11

Table legend:
 A = Non-vault XP
 B = Vault XP
 C = Vault XP percentage of total XP
 D = Non-vault monster count
 E = Vault monster count
 F = Vault count percentage of total count
                 A         B        C        D         E       F
            +---------+---------+-------+---------+---------+-------
      Total |      14 |       0 |   0.0 |       1 |       0 |   0.0
            +---------+---------+-------+---------+---------+-------
        D:5 |      14 |       0 |   0.0 |       1 |       0 |   0.0
            +---------+---------+-------+---------+---------+-------
